 Dungeon Crawl Stone Soup version 0.24.1-11-gbbbb2193e6 (webtiles) character file.

Game seed: 12815126682591597888, levelgen mode: deterministic

72714 Kaiern the Warrior (level 15, -1/147 HPs)
             Began as a Minotaur Hunter on May 10, 2020.
             Was the Champion of Okawaru.
             Killed by divine providence
             ... invoked by a meliai
              (9 damage)
             ... on level 15 of the Dungeon.
             The game lasted 02:30:44 (31655 turns).

Kaiern the Warrior (Minotaur Hunter)               Turns: 31655, Time: 02:30:45

Health: -1/147     AC: 23    Str: 22    XL:     15   Next: 1%
Magic:  14/14      EV: 12    Int:  8    God:    Okawaru [******]
Gold:   940        SH:  0    Dex: 12    Spells: 14/14 levels left

rFire    . . .     SeeInvis .   u - +2 longbow (flame)
rCold    + + .     Gourm    .   (shield currently unavailable)
rNeg     . . .     Faith    .   T - +0 storm dragon scales of Ebretsah {*Corrode rElec rC++ Regen+}
rPois    .         Spirit   .   (helmet restricted)
rElec    +         Reflect  .   I - +2 cloak
rCorr    .         Harm     .   k - +0 pair of gloves
MR       +....                  R - +0 pair of boots
Stlth    ..........             w - amulet of magic regeneration
HPRegen  0.74/turn              p - +5 ring of slaying
MPRegen  0.39/turn              q - +6 ring of protection

@: lethally poisoned (-1 -> -9), corroded
A: retaliatory headbutt, horns 2
a: Heroism, Finesse, Renounce Religion


You were on level 15 of the Dungeon.
You worshipped Okawaru.
Okawaru was exalted by your worship.
You were not hungry.

You visited 4 branches of the dungeon, and saw 24 of its levels.
You also visited: Gauntlet and Volcano.

You collected 2234 gold pieces.
You spent 1294 gold pieces at shops.

Inventory:

Hand Weapons
 u - a +2 longbow of flaming (weapon)
 D - a +2 flail of crushing
Missiles
 d - 525 arrows (quivered)
 A - 10 javelins
Armour
 k - a +0 pair of gloves (worn)
 l - a +1 plate armour of magic resistance
 y - a +2 chain mail of cold resistance
 I - a +2 cloak (worn)
 K - the +3 leather armour "Taics" {rElec rPois MR+ Str+4}
   (You found it on level 11 of the Dungeon)

   It affects your strength (+4).
   It insulates you from electricity.
   It protects you from poison.
   It affects your resistance to hostile enchantments.
 Q - the +9 scale mail of the Hanged Man {Int+2}
   (You found it on level 2 of the Lair of Beasts)

   It affects your intelligence (+2).
 R - a +0 pair of boots (worn)
 T - the +0 storm dragon scales of Ebretsah (worn) {*Corrode rElec rC++ Regen+}
   (Okawaru gifted it to you on level 5 of the Lair of Beasts)

   It greatly protects you from cold.
   It insulates you from electricity.
   It increases your rate of regeneration.
   It may corrode you when you take damage.
 U - a scarf of spirit shield
Jewellery
 i - an uncursed ring of protection from fire
 p - a +5 ring of slaying (left hand)
 q - a +6 ring of protection (right hand)
 w - an amulet of magic regeneration (around neck)
 B - an uncursed ring of protection from magic
 L - an uncursed ring of poison resistance
 V - an uncursed ring of see invisible
Wands
 b - a wand of iceblast (25)
 h - a wand of disintegration (15)
 t - a wand of flame (24)
 v - a wand of digging (5)
 C - a wand of random effects (23)
Scrolls
 a - a scroll of silence {unknown}
 c - a scroll of magic mapping
 r - 9 scrolls of remove curse
 x - 4 scrolls of teleportation
 F - a scroll of fear
 M - 4 scrolls of enchant armour
 N - 8 scrolls of identify
 S - 2 scrolls of amnesia
Potions
 e - 5 potions of haste
 j - a potion of cancellation {unknown}
 m - 2 potions of magic
 n - 2 potions of might
 s - 2 potions of berserk rage
 z - 5 potions of brilliance
 E - 4 potions of agility
 G - 2 potions of flight
 H - a potion of invisibility {unknown}
Miscellaneous
 g - a lightning rod (4/4)
Comestibles
 f - 25 rations


   Skills:
 + Level 17.2 Fighting
   Level 0.4(9.3) Axes
 - Level 13.9(14.0) Maces & Flails
 + Level 15.8 Bows
 + Level 10.2 Armour
 - Level 8.0 Dodging
 - Level 4.1 Stealth


You had 14 spell levels left.
You didn't know any spells.
Your spell library contained the following spells:

 Spells                   Type           Power        Failure   Level  Hunger
 Animate Skeleton         Necr           N/A          95%         1    ##.....
 Apportation              Tloc           #.....       95%         1    ##.....
 Confusing Touch          Hex            #.....       95%         1    ##.....
 Flame Tongue             Conj/Fire      #....        95%         1    ##.....
 Infusion                 Chrm           #...         95%         1    ##.....
 Summon Small Mammal      Summ           #...         95%         1    ##.....
 Shroud of Golubria       Chrm/Tloc      #.....       98%         2    ###....
 Song of Slaying          Chrm           #.......     98%         2    ###....
 Throw Flame              Conj/Fire      #.....       98%         2    ###....
 Conjure Flame            Conj/Fire      #.......     100%        3    ####...
 Inner Flame              Hex/Fire       #.......     100%        3    ####...
 Regeneration             Chrm/Necr      #.........   100%        3    ####...
 Spectral Weapon          Hex/Chrm       #.......     100%        3    ####...
 Static Discharge         Conj/Air       #.......     100%        3    ####...
 Ice Form                 Ice/Tmut       #.......     100%        4    #####..
 Sticky Flame             Conj/Fire      #.......     100%        4    #####..
 Fireball                 Conj/Fire      #.........   100%        5    ######.
 Lightning Bolt           Conj/Air       #.........   100%        5    ######.
 Metabolic Englaciation   Hex/Ice        #.........   100%        5    ######.
 Bolt of Cold             Conj/Ice       #.........   100%        6    #######
 Freezing Cloud           Conj/Ice/Air   #.........   100%        6    #######
 Ozocubu's Refrigeration  Ice            #.........   100%        6    #######
 Simulacrum               Ice/Necr       #.........   100%        6    #######
 Ignition                 Fire           #.........   100%        8    #######
 Shatter                  Erth           #.........   100%        9    #######
 Tornado                  Air            #.........   100%        9    #######


Dungeon Overview and Level Annotations

Branches:
Dungeon (15/15)            Temple (1/1) D:7            Lair (6/6) D:9
  Swamp (0/4) Lair:3        Snake (0/4) Lair:3        Slime (0/5) Lair:5
    Orc (2/2) D:9             Elf (0/3) Orc:2        Vaults (0/5) D:14
Volcano (visited)         Gauntlet (visited)
 Depths: D:15

Altars:
Ashenzari
Cheibriados
Dithmenos
Elyvilon
Fedhas
Gozag
Hepliaklqana
Kikubaaqudgha
Makhleb
Nemelex Xobeh
Okawaru
Qazlal
Ru
Sif Muna
Trog
Uskayaw
Vehumet
Wu Jian
Xom
Yredelemnul
Zin
The Shining One

Shops:
D:9 :}:!   D:10 ?   D:11 *%   Orc:2 (*:*[

Annotations:
D:3 Grinder
D:11 3 runed translucent doors


Innate Abilities, Weirdness & Mutations

You reflexively headbutt those who attack you in melee.
You have a pair of horns on your head.


Message History

You are poisoned.
The meliai poisons you!
Things that are here:
a cursed +3 mace; a +0 robe You feel sick.
The meliai hits you but does no damage. The meliai stings you.
* * * LOW HITPOINT WARNING * * *
You are more poisoned.
The meliai poisons you! The meliai hits you but does no damage.
The meliai barely misses you.
There is a stone staircase leading up, spattered with blood here.
You feel sick.
The meliai invokes the aid of its god against you.
Something smites you!
* * * LOW HITPOINT WARNING * * *
The meliai hits you with a +0 eveningstar!
* * * LOW HITPOINT WARNING * * *
The meliai stings you but does no damage.
The meliai invokes the aid of its god against you.
Something smites you!
You die...

#...................##
#.#....[.............##
#.#...................#
. #.....C.............#
.#
#...................#
.#
#...................#
#........[.[........#
######...[yy.......##
##...)@#.....##
#############


You could see a fire giant and 2 meliai.

Vanquished Creatures
  Agnes (D:14)
  A storm dragon (D:13)
  Louise (D:15)
  An orc warlord (Orc:1)
  Azrael (D:13)
  Snorg (D:13)
  Josephine (D:10)
  2 yaktaur captains (D:13)
  2 hydras (Lair:5)
  3 catoblepae (Lair:6)
  A centaur warrior (D:14)
  2 two-headed ogres
  A deep troll earth mage (D:13)
  8 death yaks
  2 orc high priests
  Urug (D:13)
  An unseen horror (D:11)
  6 orc knights
  A wolf spider zombie (D:15)
  A deep elf mage (D:12)
  A wolf spider (D:13)
  5 oklob plants
  2 orc sorcerers
  A cyclops (shapeshifter) (D:14)
  5 cyclopes
  3 manticores
  An ugly thing (D:12)
  A guardian serpent (shapeshifter) (D:14)
  6 black mambas
  10 spiny frogs
  A torpor snail (Lair:5)
  2 gargoyles
  3 rime drakes
  A kobold demonologist (D:15)
  An efreet (D:14)
  2 komodo dragons
  2 tengu conjurers (D:15)
  7 trolls
  A merfolk (D:10)
  A polar bear (Lair:3)
  A meliai (D:14)
  A wind drake (shapeshifter) (D:13)
  A dream sheep (Lair:5)
  5 blink frogs (Lair:3)
  15 hippogriffs
  A meliai zombie (D:13)
  A shadow (D:13)
  A spriggan (shapeshifter) (D:14)
  6 wraiths
  44 yaks
  2 wyverns (D:12)
  3 fire elementals (D:13)
  6 fire bats (Volcano)
  4 vampire mosquitoes (D:15)
  3 wargs
  An acid dragon (D:13)
  7 porcupines
  8 water moccasins
  4 hell hounds (D:13)
  An ice beast (D:6)
  2 sky beasts (D:10)
  2 black bears
  5 phantoms
  7 ogres
  28 orc warriors
  3 wolves (Lair:4)
  10 centaurs
  14 crocodiles
  4 big kobolds
  18 bullfrogs
  A gnoll sergeant (D:12)
  A wyvern skeleton (D:8)
  6 scorpions
  5 wights (D:15)
  14 killer bees
  An electric eel (Lair:4)
  10 howler monkeys
  6 lava snakes (Volcano)
  12 crimson imps
  3 bullfrog zombies
  4 jellies
  7 orc priests
  3 centaur zombies
  4 bullfrog skeletons
  8 hounds
  19 orc wizards
  5 centaur skeletons
  3 iguanas
  Terence (D:3)
  18 worker ants
  Robin (D:3)
  3 hound skeletons
  A worker ant zombie (D:6)
  7 gnolls
  20 adders
  A river rat (D:4)
  3 shadow imps
  A white imp (D:12)
  An adder zombie (D:9)
  An adder skeleton (D:5)
  A worm (D:4)
  2 dart slugs (D:5)
  7 leopard geckos
  80 orcs
  A bat (D:3)
  5 giant cockroaches
  2 gnoll zombies (D:2)
  17 goblins
  4 hobgoblins
  19 jackals
  2 quokkas
  6 frilled lizards
  22 kobolds
  A quokka zombie (D:9)
  6 rats
  A bush (D:4)
  A plant (Lair:2)
649 creatures vanquished.

Vanquished Creatures (others)
  A demonic plant (Gauntlet)
  10 fungi
  8 plants
19 creatures vanquished.

Grand Total: 668 creatures vanquished

Notes
Turn   | Place    | Note
-------+----------+-------------------------------------------
     0 | D:1      | Kaiern the Minotaur Hunter began the quest for the Orb.
     0 | D:1      | Reached XP level 1. HP: 18/18 MP: 0/0
   295 | D:1      | Reached XP level 2. HP: 25/25 MP: 1/1
   781 | D:2      | Found a stormy altar of Qazlal.
   795 | D:2      | Reached skill level 3 in Fighting
   795 | D:2      | Reached XP level 3. HP: 31/31 MP: 2/2
  1017 | D:2      | Found a basalt altar of Yredelemnul.
  1606 | D:3      | Reached skill level 5 in Bows
  1608 | D:3      | Noticed Robin
  1634 | D:3      | Killed Robin
  1848 | D:3      | Reached XP level 4. HP: 31/38 MP: 3/3
  2418 | D:3      | Noticed Grinder
  2745 | D:3      | Noticed Terence
  2763 | D:3      | Killed Terence
  2763 | D:3      | Reached XP level 5. HP: 44/46 MP: 4/4
  2865 | D:3      | Reached skill level 4 in Fighting
  3070 | D:3      | Paralysed by Grinder for 6 turns
  3097 | D:3      | Paralysed by Grinder for 2 turns
  3236 | D:4      | Reached skill level 1 in Maces & Flails
  3282 | D:4      | Noticed an ogre
  3293 | D:4      | Killed an ogre
  3390 | D:4      | Reached XP level 6. HP: 53/53 MP: 5/5
  3654 | D:4      | Found a glowing drain.
  4346 | D:4      | Found a blossoming altar of Fedhas.
  4449 | D:4      | Reached skill level 5 in Fighting
  4449 | D:4      | Reached XP level 7. HP: 50/61 MP: 6/6
  4906 | D:3      | Found a hide-covered altar of Uskayaw.
  4925 | D:4      | Reached skill level 5 in Maces & Flails
  4929 | D:4      | Reached skill level 5 in Dodging
  5271 | D:5      | Entered Level 5 of the Dungeon
  5424 | D:4      | Reached skill level 6 in Fighting
  5548 | D:5      | Reached XP level 8. HP: 70/70 MP: 7/7
  5649 | D:6      | Reached skill level 1 in Armour
  6053 | D:5      | Reached skill level 7 in Fighting
  6839 | D:6      | Found an iron altar of Okawaru.
  6842 | D:6      | Became a worshipper of Warmaster Okawaru
  7082 | D:6      | Found a radiant altar of Vehumet.
  7366 | D:6      | Reached skill level 8 in Fighting
  7368 | D:6      | Reached XP level 9. HP: 81/81 MP: 8/8
  7733 | D:7      | Found a staircase to the Ecumenical Temple.
  7746 | Temple   | Entered the Ecumenical Temple
  7907 | D:7      | Reached skill level 5 in Armour
  8035 | D:7      | Reached * piety under Okawaru
  8636 | D:7      | Found a glowing golden altar of the Shining One.
  8743 | D:7      | Found a faded altar of an unknown god.
  8743 | D:7      | Found a burning altar of Makhleb.
  8761 | D:7      | Reached skill level 9 in Fighting
  8771 | D:7      | Found a faded altar of an unknown god.
  8775 | D:7      | Found a shattered altar of Ashenzari.
  8777 | D:7      | Found a shimmering blue altar of Sif Muna.
  9065 | D:8      | Reached ** piety under Okawaru
  9153 | D:8      | Found a hide-covered altar of Uskayaw.
  9158 | D:8      | Noticed a +0 dagger
  9158 | D:8      | Noticed a +0 hand axe
  9368 | D:8      | Reached XP level 10. HP: 66/92 MP: 9/9
  9966 | D:9      | Found Iki Yrch's Book Emporium.
 10000 | D:9      | Found a glowing silver altar of Zin.
 10049 | D:9      | Reached skill level 10 in Bows
 10173 | D:9      | Found a staircase to the Orcish Mines.
 10228 | D:9      | Reached skill level 10 in Fighting
 10374 | D:9      | Reached *** piety under Okawaru
 10377 | D:9      | Found a sparkling altar of Nemelex Xobeh.
 10438 | D:9      | Found Cinafex's Distillery.
 10459 | D:9      | Bought a potion of heal wounds for 70 gold pieces
 10459 | D:9      | Bought a potion of heal wounds for 70 gold pieces
 10505 | D:9      | Found Aziqud's Book Shoppe.
 10570 | D:9      | Found Isolugew's Gadget Boutique.
 10700 | D:9      | Found a staircase to the Lair.
 10818 | D:10     | Entered Level 10 of the Dungeon
 11290 | D:10     | Reached **** piety under Okawaru
 11586 | D:10     | Found Adghety's Magic Scroll Shop.
 11598 | D:10     | Bought a scroll of identify for 26 gold pieces
 11598 | D:10     | Bought a scroll of identify for 26 gold pieces
 11598 | D:10     | Bought a scroll of identify for 26 gold pieces
 11598 | D:10     | Bought a scroll of identify for 26 gold pieces
 11598 | D:10     | Bought a scroll of identify for 26 gold pieces
 11598 | D:10     | Bought a scroll of identify for 26 gold pieces
 11789 | D:10     | Received a gift from Okawaru
 11804 | D:10     | Noticed Josephine
 11809 | D:10     | Killed Josephine
 11809 | D:10     | Reached skill level 11 in Fighting
 12094 | D:10     | Reached XP level 11. HP: 102/102 MP: 10/10
 12380 | D:11     | Reached ***** piety under Okawaru
 12380 | D:11     | Received a gift from Okawaru
 12576 | D:11     | Killed an unseen horror
 12675 | D:11     | Found Hisadeiwuz's Food Shoppe.
 12940 | D:11     | Found a shimmering altar of Xom.
 12957 | D:11     | Received a gift from Okawaru
 13108 | D:11     | Found a runed translucent gate.
 13109 | D:11     | Found a runed translucent gate.
 13109 | D:11     | Found a runed translucent gate.
 13148 | D:11     | Got an amethyst-encrusted leather armour
 13264 | D:11     | Identified the +3 leather armour "Taics" {rElec rPois MR+
                  | Str+4} (You found it on level 11 of the Dungeon)
 13284 | D:11     | Noticed a red ugly thing
 13284 | D:11     | Noticed a white ugly thing
 13284 | D:11     | Noticed a green very ugly thing
 13284 | D:11     | Noticed a purple ugly thing
 13284 | D:11     | Noticed a red ugly thing
 13341 | D:11     | Found Qujig's General Store.
 13948 | Lair:1   | Entered Level 1 of the Lair of Beasts
 14019 | Lair:1   | Reached skill level 12 in Fighting
 14337 | Lair:1   | Reached skill level 10 in Maces & Flails
 14756 | Lair:1   | Got a scorched leather armour
 14767 | Lair:1   | Identified the +1 leather armour "Ilolimn" {Str-3 Dex+7
                  | SInv Stlth+} (You found it on level 1 of the Lair of
                  | Beasts)
 14837 | Lair:1   | Found the +5 robe of Misfortune {*Contam Harm *Corrode
                  | *Drain *Slow EV+5}
 14868 | Lair:1   | Received a gift from Okawaru
 15638 | Lair:2   | Reached XP level 12. HP: 113/113 MP: 11/11
 15837 | Lair:2   | Got a pitted scale mail
 15848 | Lair:2   | Identified the +9 scale mail of the Hanged Man {Int+2} (You
                  | found it on level 2 of the Lair of Beasts)
 16005 | Lair:2   | Got a smoking plate armour
 16121 | Lair:2   | Identified the cursed +1 plate armour of Plasticity {Str+3}
                  | (You found it on level 2 of the Lair of Beasts)
 16510 | Lair:3   | Found a staircase to the Swamp.
 16662 | Lair:3   | Found a staircase to the Snake Pit.
 16699 | Lair:3   | Reached skill level 13 in Fighting
 16712 | Lair:3   | Reached ****** piety under Okawaru
 16757 | Lair:3   | Found a dark tunnel.
 16766 | Volcano  | Entered a volcano
 17111 | Volcano  | Noticed a two-headed ogre
 17117 | Volcano  | Killed a two-headed ogre
 17117 | Volcano  | Received a gift from Okawaru
 17118 | Volcano  | Noticed a two-headed ogre
 17148 | Volcano  | Found a radiant altar of Vehumet.
 17148 | Volcano  | Noticed a two-headed ogre
 17148 | Volcano  | Noticed an ogre mage
 17148 | Volcano  | Noticed a two-headed ogre
 17152 | Volcano  | Paralysed by an ogre mage for 7 turns
 18188 | Lair:4   | Found a gate leading to a gauntlet.
 18197 | Gauntlet | Entered a Gauntlet
 18197 | Gauntlet | Found a transporter.
 18210 | Gauntlet | Found a transporter.
 18221 | Gauntlet | Found a transporter.
 18226 | Gauntlet | Found a transporter.
 18264 | Gauntlet | Found a transporter.
 18279 | Gauntlet | Found a transporter.
 18284 | Gauntlet | Found a transporter.
 18294 | Gauntlet | Noticed a death yak
 18296 | Gauntlet | Noticed a death yak
 18296 | Gauntlet | Noticed a death yak
 18297 | Gauntlet | Noticed a death yak
 18297 | Gauntlet | Noticed a death yak
 18297 | Gauntlet | Noticed a death yak
 18299 | Gauntlet | Found a transporter.
 18318 | Gauntlet | Found a transporter.
 18329 | Gauntlet | Noticed a death ooze
 18330 | Gauntlet | Found a transporter.
 18347 | Gauntlet | Found a transporter.
 18356 | Gauntlet | Found a transporter.
 18356 | Gauntlet | Noticed a hell beast
 18368 | Gauntlet | Found a transporter.
 18371 | Gauntlet | Noticed a four-headed hydra
 18435 | Gauntlet | Found a transporter.
 18457 | Gauntlet | Found a transporter.
 18586 | Gauntlet | Found a transporter.
 18588 | Gauntlet | Found a transporter.
 18613 | Gauntlet | Found a transporter.
 18786 | Lair:4   | You fall into a shaft and drop 2 floors!
 18786 | Lair:6   | Entered Level 6 of the Lair of Beasts
 20583 | Lair:5   | Found a staircase to the Slime Pits.
 20585 | Lair:5   | Reached skill level 1 in Stealth
 20631 | Lair:5   | Noticed a five-headed hydra
 20635 | Lair:5   | Killed a five-headed hydra
 20635 | Lair:5   | Received a gift from Okawaru
 20635 | Lair:5   | Reached skill level 14 in Fighting
 20635 | Lair:5   | Reached XP level 13. HP: 124/124 MP: 12/12
 20638 | Lair:5   | Got encrusted storm dragon scales {god gift}
 20649 | Lair:5   | Identified the +0 storm dragon scales of Ebretsah {*Corrode
                  | rElec rC++ Regen+} (Okawaru gifted it to you on level 5 of
                  | the Lair of Beasts)
 23525 | Lair:6   | Reached skill level 15 in Fighting
 23825 | Orc:1    | Entered Level 1 of the Orcish Mines
 23918 | Orc:2    | Entered Level 2 of the Orcish Mines
 23930 | Orc:2    | Found Aqie's Antique Weapon Emporium.
 23930 | Orc:2    | Noticed an orc warlord
 23942 | Orc:1    | Received a gift from Okawaru
 24269 | Orc:2    | Received a gift from Okawaru
 24380 | Orc:2    | Found Sezoerygu's Antique Armour Boutique.
 24462 | Orc:2    | Found a staircase to the Elven Halls.
 25066 | Orc:1    | Killed an orc warlord
 25270 | Orc:2    | Found Moilod's Assorted Antiques.
 25317 | Orc:2    | Reached XP level 14. HP: 114/135 MP: 13/13
 25913 | Orc:2    | Found Duaherung's Book Shop.
 26055 | Orc:2    | Found Pouw's General Store.
 26063 | Orc:2    | Bought 13 arrows for 44 gold pieces
 26063 | Orc:2    | Bought 13 arrows for 44 gold pieces
 26384 | Orc:2    | Bought a glowing plate armour for 910 gold pieces
 27039 | D:12     | Received a gift from Okawaru
 27145 | D:12     | Reached skill level 16 in Fighting
 27183 | D:12     | Received a gift from Okawaru
 27957 | D:13     | Noticed Azrael
 27982 | D:13     | Killed Azrael
 27982 | D:13     | Reached skill level 15 in Bows
 28302 | D:13     | Noticed Urug
 28311 | D:13     | Killed Urug
 28590 | D:13     | Received a gift from Okawaru
 28952 | D:13     | Noticed a storm dragon
 28968 | D:13     | Killed a storm dragon
 29310 | D:13     | Received a gift from Okawaru
 29313 | D:13     | Got a pair of spiked boots {god gift}
 29324 | D:13     | Identified the +0 pair of boots "Zithauzxoukk" {Str-2 Int+6
                  | Dex+7} (Okawaru gifted it to you on level 13 of the
                  | Dungeon)
 29567 | D:13     | Noticed Snorg
 29576 | D:13     | Killed Snorg
 29999 | D:14     | Found a gate to the Vaults.
 30557 | D:14     | Found the +8 demon trident "Rift" {distort, reach+}
 30764 | D:15     | Entered Level 15 of the Dungeon
 30764 | D:15     | Noticed Agnes
 30779 | D:14     | Killed Agnes
 30779 | D:14     | Reached skill level 17 in Fighting
 30982 | D:15     | Reached skill level 10 in Armour
 31026 | D:15     | Noticed a fire giant
 31365 | D:15     | Noticed Louise
 31389 | D:15     | Killed Louise
 31433 | D:15     | Reached XP level 15. HP: 141/147 MP: 14/14
 31655 | D:15     | Killed from afar by a meliai

Levels and vault maps discovered:
D:1:      wander_arrival_peaceful_grave, layout_basic
D:2:      layout_loops_ring, overflow_temple_1_default,
          lemuel_zombie_altar_yredelemnul
D:3:      lemuel_upstairs_altar, layout_loops_ring, uniq_grinder, uniq_terence,
          uniq_robin
D:4:      layout_cave_pods, fedhas_bush_and_centaur_altar,
          gup_sewer_entry_bubbles, small_statue_intersection
D:5:      layout_layer_cave, first_ration
D:6:      layout_basic, vehumet_crystals, kennysheep_mini_moat
D:7:      layout_basic, chequers_temple_overflow_minitemple,
          nicolae_tso_swordbearing_angel, minmay_temple_entry_gardened_gates
D:8:      layout_cave_pools, dancing_weapons_uskayaw, special_room
          [special_room_orc]
D:9:      layout_roguey, nemelex_xobeh_ov_fountains_minmay,
          overflow_temple_1_default, grunt_lair_entry_orc_guard_hut,
          orc_0_dummy, serial_shops, shop, shop_fountains, shop, shop
D:10:     layout_irregular_city, serial_shops, shop_scrolls,
          hangedman_fish_farm, uniq_josephine
D:11:     layout_basic, serial_shops, shop, nicolae_shop_behind_doors,
          ploomutoo_gammafunk_ghost_potion_laboratory, xom_teletrap_fun
D:12:     layout_big_octagon, drop_trap, grunt_ministairs_9, minmay_nine_imps
D:13:     minmay_textured_paths, layout_basic, uniq_azrael, uniq_snorg,
          uniq_urug
D:14:     layout_loops_corners, david_vaults_2
D:15:     grunt_enter_depths_giant_problem, layout_rooms, serial_shops,
          nicolae_shop_behind_doors, bh_walls_and_bars, uniq_agnes, uniq_louise
Temple:   cyrus_temple_forest
Lair:1:   layout_regular_city
Lair:2:   layout_small_grid, minmay_lair_oklob_items, serial_bayou_pond_e
Lair:3:   layout_concentric_octagons, swamp_mist, dummy_snake_entry,
          enter_volcano_1, serial_bayou_shore_a
Lair:4:   layout_regular_city, gauntlet_entry_generic, serial_bayou_lagoon_b
Lair:5:   layout_layer_cave, minmay_slime_entry_oklob_open,
          hangedman_lair_generics_rect
Lair:6:   evilmike_catoblepas_cave, layout_gridlike
Orc:1:    layout_diamond_mine
Orc:2:    grunt_orc_gardens, layout_caves, grunt_orc_garden, grunt_orc_garden,
          grunt_orc_garden, grunt_orc_garden, serial_shops,
          nicolae_shop_behind_doors

Skill      XL: |  1  2  3  4  5  6  7  8  9 10 11 12 13 14 |
---------------+-------------------------------------------+-----
Fighting       | 3 4 5 6 8 9 11 12 14 15 17 | 17.2
Bows           | 5 6 7 8 9 11 12 13 14 15 | 15.8
Dodging        | 3 4 5 6 8 |  8.0
Maces & Flails | 2 4 5 7 9 10 12 13 | 13.9
Armour         | 4 5 7 8 10 | 10.2
Stealth        | 1 4 |  4.1
Axes           | |  0.4

Action                   |  1- 3 |  4- 6 |  7- 9 | 10-12 | 13-15 || total
-------------------------+-------+-------+-------+-------+-------++-------
Melee: Short sword       |    29 |       |       |       |       ||    29
       Headbutt          |    10 |    33 |    65 |    75 |       ||   183
       Dagger            |    58 |     2 |       |       |       ||    60
       War axe           |       |    23 |       |       |       ||    23
       Whip              |       |   176 |   201 |       |       ||   377
       Mace              |       |    12 |       |       |       ||    12
       Flail             |       |       |   219 |   377 |       ||   596
       Longbow           |       |       |       |       |     1 ||     1
 Fire: Shortbow          |       |       |       |   310 |   319 ||   629
       Longbow           |       |       |       |       |   494 ||   494
Throw: Stone             |     3 |     3 |       |       |       ||     6
       Javelin           |       |       |    19 |     5 |       ||    24
  Use: Scroll            |       |     4 |    12 |    17 |     8 ||    41
       Potion            |       |       |       |     1 |     7 ||     8
 Stab: Sleeping          |     1 |       |       |       |       ||     1
  Eat: Ration            |     1 |     1 |       |     6 |     6 ||    14
       Chunk             |       |     4 |    17 |    16 |    12 ||    49
Armor: Leather armour    |     6 |       |       |       |       ||     6
       Scale mail        |    12 |    33 |       |    55 |   187 ||   287
       Chain mail        |       |    61 |   298 |   210 |       ||   569
       Storm dragon scal |       |       |       |       |    72 ||    72
Dodge: Dodged            |    43 |    66 |   255 |   239 |   267 ||   870
